 Dungeon Crawl Stone Soup version 0.29.1-2-gbd0b4ee654 (webtiles) character file.

Game seed: 3424687324980970328

117 safid the Shooter (level 4, -5/41 HPs)
             Began as a Minotaur Hunter on Nov 3, 2022.
             Killed from afar by an orc wizard (7 damage)
             ... with a magic dart
             ... on level 3 of the Dungeon.
             The game lasted 00:03:06 (1829 turns).

safid the Shooter (Minotaur Hunter)                 Turns: 1829, Time: 00:03:07

Health: -5/41      AC:  4    Str: 16    XL:     4   Next: 71%
Magic:  3/3        EV: 12    Int:  6    God:
Gold:   107        SH:  0    Dex: 15    Spells: 3/3 levels left

rFire   . . .      SeeInvis .   a - +0 shortbow
rCold   . . .      Faith    .   (shield currently unavailable)
rNeg    . . .      Spirit   .   c - +0 leather armour
rPois   .          Reflect  .   (helmet restricted)
rElec   .          Harm     .   (no cloak)
rCorr   .          Rampage  .   f - +0 pair of gloves
Will    .....                   (no boots)
Stlth   +.........              (no amulet)
HPRegen 0.13/turn               (no ring)
MPRegen 0.08/turn               (no ring)

@: no status effects
A: horns 2, retaliatory headbutt
a: no special abilities


You were on level 3 of the Dungeon.
You visited 1 branch of the dungeon, and saw 3 of its levels.

You collected 107 gold pieces.

Inventory:

Hand Weapons
 a - a +0 shortbow (weapon)
Armour
 c - a +0 leather armour (worn)
 f - a +0 pair of gloves (worn)
Wands
 m - a wand of polymorph (10)
Scrolls
 b - 2 scrolls of immolation
 d - 2 scrolls of enchant weapon {unknown}
 e - 3 scrolls of amnesia {unknown}
 g - 2 scrolls of identify {unknown}
 j - a scroll of brand weapon {unknown}
 o - 2 scrolls of vulnerability {unknown}
 p - a scroll of summoning {unknown}
Potions
 h - 2 potions of lignification {unknown}
 i - a potion of mutation {unknown}
 k - 2 potions of curing {unknown}
 l - a potion of heal wounds {unknown}
 n - 2 potions of degeneration {unknown}
 q - a potion of brilliance {unknown}
 r - a potion of might {unknown}
 s - a potion of berserk rage {unknown}


   Skills:
 + Level 4.5 Fighting
 + Level 5.7 Ranged Weapons
 - Level 2.1 Dodging
 - Level 0.7 Stealth


You had 3 spell levels left.
You didn't know any spells.
Your spell library contained the following spells:

 Spells                   Type           Power      Damage    Failure   Level
 Sublimation of Blood     Necr           0%         N/A       67%         2
 Wereblood                Tmut           0%         N/A       67%         2
 Summon Hydra             Summ           0%         N/A       100%        7


Dungeon Overview and Level Annotations

Branches:
Dungeon (3/15)

Altars:
The Shining One


Innate Abilities, Weirdness & Mutations

You have a pair of horns on your head.
You reflexively headbutt those who attack you in melee.


Message History

Fire: a) +0 shortbow
Press: ? - help, Q - select action, (/) - cycle Shift-Dir - straight line, f/p - orc wizard
Aim: an orc wizard, wielding a +0 dagger and wearing a +0 robe (severely wounded, 56% to hit)
You shoot an arrow. The arrow barely misses the orc wizard.
The orc wizard hits you with a +0 dagger.
* * * LOW HITPOINT WARNING * * *
The orc hits you with a +0 mace.
* * * LOW HITPOINT WARNING * * *
The orc wizard hits you with a +0 dagger.
* * * LOW HITPOINT WARNING * * *
The orc hits you but does no damage.
Fire: a) +0 shortbow
Press: ? - help, Q - select action, (/) - cycle Shift-Dir - straight line, f/p - orc wizard
Aim: an orc wizard, wielding a +0 dagger and wearing a +0 robe (severely wounded, 56% to hit)
You shoot an arrow. The arrow misses the orc wizard.
The orc wizard hits you but does no damage.
The orc barely misses you.
Unknown command.
Fire: a) +0 shortbow
Press: ? - help, Q - select action, (/) - cycle Shift-Dir - straight line, f/p - orc wizard
Aim: an orc wizard, wielding a +0 dagger and wearing a +0 robe (severely wounded, 56% to hit)
You shoot an arrow.
The arrow completely misses the orc wizard.
The orc wizard mumbles some strange words.
The orc wizard flickers and vanishes!
Deactivating autopickup; reactivate with Ctrl-A.
The orc barely misses you. You furiously retaliate!
You headbutt the orc.
Fire: a) +0 shortbow
Press: ? - help, Q - select action, (/) - cycle Shift-Dir - straight line, f - orc
Aim: an orc, wielding a +0 mace (heavily wounded, 63% to hit)
You shoot an arrow. The arrow hits the orc.
You kill the orc!
Something hits you but does no damage.
Fire: a) +0 shortbow
Press: ? - help, Q - select action, (/) - cycle Shift-Dir - straight line You shoot an arrow.
You hear some strange, mumbled words.
A magic dart appears from out of thin air!
The magic dart hits you!
You die...

.. #####.. ####
##.....##....
###............
.......:.......
...............
...............
......)@.<.....
......{........
.......<.......
...............
..........#....
.......#######.
....... .8..)..
.8._...


There were no monsters in sight!

Vanquished Creatures
  Terence (D:2)
  4 adders (D:2)
  3 orcs (D:3)
  2 ball pythons
  3 endoplasms
  7 goblins
  5 hobgoblins
  3 jackals (D:1)
  9 kobolds
  A quokka (D:1)
  3 bats
  4 frilled lizards
  8 rats
53 creatures vanquished.

Vanquished Creatures (others)
  A plant (D:1)
1 creature vanquished.

Grand Total: 54 creatures vanquished

Notes
Turn   | Place    | Note
-------+----------+-------------------------------------------
     0 | D:1      | safid the Minotaur Hunter began the quest for the Orb.
     0 | D:1      | Reached XP level 1. HP: 18/18 MP: 0/0
   391 | D:1      | Found a faded altar of an unknown god.
   402 | D:1      | Reached XP level 2. HP: 25/25 MP: 1/1
  1030 | D:2      | Reached skill level 5 in Ranged Weapons
  1030 | D:2      | Reached XP level 3. HP: 31/31 MP: 2/2
  1075 | D:2      | Noticed Terence
  1085 | D:2      | Killed Terence
  1230 | D:2      | Reached XP level 4. HP: 36/40 MP: 3/3
  1799 | D:3      | Found a glowing golden altar of the Shining One.
  1825 | D:3      | HP: 2/41 [orc wizard/+0 dagger (1)]
  1829 | D:3      | Killed from afar by an orc wizard

Illustrated notes

Levels and vault maps discovered:
D:1:      eino_arrival_water_cross, layout_loops_corners,
          ebering_ecumenical_altar_rust, hex_medium, serial_bayou_lake_a
D:2:      layout_loops_ring, uniq_terence
D:3:      layout_rooms, mainiacjoe_overflow_chevrons, general_overflow_altar,
          serial_shops, nicolae_shop_waterfront, uniq_crazy_yiuf_cottage

Skill      XL: |  1  2  3 |
---------------+----------+-----
Fighting       | 3 4 |  4.5
Ranged Weapons | 5 |  5.7
Dodging        | |  2.1
Stealth        | |  0.7

Action                   |  1- 3 |  4- 6 || total
-------------------------+-------+-------++-------
 Fire: Shortbow          |    93 |    67 ||   160
Armor: Leather armour    |     5 |    17 ||    22
Dodge: Dodged            |    21 |    23 ||    44
